[Event "*** Titled Tuesday 3|2 Blitz"]
[Site "Chess.com"]
[Date "2016.01.05"]
[Round "1"]
[White "yurisolo"]
[Black "levallem"]
[Result "1-0"]
[WhiteElo "2460"]
[BlackElo "2164"]
[TimeControl "180+2"]
[EndTime "11:01:29 PST"]
[Termination "yurisolo won by resignation"]

1. e3 c5 2. d4 cxd4 3. exd4 d5 4. c4 Nf6 5. Nc3 e6 6. Nf3 Be7 7. cxd5 Nxd5 8. Bd3 Nxc3 9. bxc3 Nd7 10. O-O Nf6 11. Ne5 O-O 12. c4 Qxd4 13. Bxh7+ Nxh7 14. Qxd4 1-0

[Event "*** Titled Tuesday 3|2 Blitz"]
[Site "Chess.com"]
[Date "2016.01.05"]
[Round "1"]
[White "jbj"]
[Black "northridgehawk"]
[Result "1-0"]
[WhiteElo "2279"]
[BlackElo "1769"]
[TimeControl "180+2"]
[EndTime "11:03:26 PST"]
[Termination "jbj won by resignation"]

1. Nf3 Nf6 2. g3 g6 3. Bg2 Bg7 4. O-O O-O 5. d4 d5 6. c3 Nbd7 7. Nbd2 c5 8. dxc5 Nxc5 9. Nb3 Nce4 10. Bf4 b6 11. h4 Bb7 12. Ne5 Rc8 13. Nd4 Nd7 14.
Nxd7 Qxd7 15. Nf3 Rfd8 16. Kh2 Qf5 17. Bh3 Qf6 18. Bxc8 Bxc8 19. Kg2 Qf5 20. Rh1 e5 21. Be3 d4 22. cxd4 exd4 23. Bf4 d3 24. exd3 Nc5 25.
d4 Bxd4 26. Nxd4 Qe4+ 27. Qf3 Qxd4 28. Rhd1 Qf6 29. Rxd8+ Qxd8 30. Rd1 Qf6 31. Qc3 Bb7+ 32. f3 Qc6 33. Rd8+ 1-0

[Event "*** Titled Tuesday 3|2 Blitz"]
[Site "Chess.com"]
[Date "2016.01.05"]
[Round "1"]
[White "Danirod"]
[Black "rdclayton"]
[Result "0-1"]
[WhiteElo "2379"]
[BlackElo "2093"]
[TimeControl "180+2"]
[EndTime "11:03:48 PST"]
[Termination "rdclayton won by checkmate"]

1. e4 e5 2. Nf3 Nc6 3. Bc4 Nf6 4.
Ng5 Bc5 5. Nxf7 Bxf2+ 6. Kf1 Qe7 7. Nxh8 d5 8. exd5 Bg4 9. Be2 Bxe2+ 10. Qxe2 Nd4 11.
Qxf2 O-O-O 12. d3 Rxh8 13. Bg5 Rf8 14. c3 Ng4 15. Bxe7 Rxf2+ 16. Ke1 Nc2+ 17. Kd1 Nce3+ 18.
Ke1 Nxg2+ 19. Kd1 N4e3+ 20. Kc1 Rc2# 0-1

[Event "*** Titled Tuesday 3|2 Blitz"]
[Site "Chess.com"]
[Date "2016.01.05"]
[Round "1"]
[White "ChessWarrior7197"]
[Black "Rating-Schmating"]
[Result "1-0"]
[WhiteElo "2441"]
[BlackElo "2129"]
[TimeControl "180+2"]
[EndTime "11:04:58 PST"]
[Termination "ChessWarrior7197 won by resignation"]

1. e4 e6 2. d4 d5 3. Nd2 Nf6 4. e5 Nfd7 5. Bd3 c5 6. c3 Nc6 7. Ne2 Qb6 8. Nf3 cxd4 9. cxd4 Bb4+ 10. Bd2 Bxd2+ 11. Qxd2 Qb4 12. a3 Qxd2+ 13. Kxd2 f6 14. exf6 Nxf6 15. b4 a6 16. Rac1 O-O 17. h3 Ne4+ 18. Ke3 Nd6 19. Ne5 Nxe5 20. dxe5 Nf5+ 21. Bxf5 Rxf5 22. f4 Bd7 23. Nd4 Rff8 24. Rc7 Rfd8 25. Rhc1 Rab8 26. g4 Kf7 27. f5 exf5 28. e6+ Ke7 29.
exd7 Rxd7 30. Nxf5+ Ke8 31. Nxg7+ Kd8 32. Ne6+ Ke7 33.
Rxd7+ Kxd7 34. Nc5+ Kd6 35. Kd4 b6 36. Nd3 Re8 37.
Re1 Rc8 38. Rf1 Rc4+ 39. Ke3 Re4+ 40. Kd2 Ke6 41. Rf8 Ke7 42. Ra8 a5 43. bxa5 b5 44.
Nb4 Rd4+ 45. Ke3 Re4+ 46. Kd3 Kd6 47. a6 Kc7 48. Nxd5+ Kc6 49. Kxe4 1-0

[Event "*** Titled Tuesday 3|2 Blitz"]
[Site "Chess.com"]
[Date "2016.01.05"]
[Round "1"]
[White "Gergo85"]
[Black "Hollywood_Chess"]
[Result "1-0"]
[WhiteElo "2346"]
[BlackElo "1924"]
[TimeControl "180+2"]
[EndTime "11:05:28 PST"]
[Termination "Gergo85 won by resignation"]

1. Nf3 c5 2. e4 g6 3. d4 cxd4 4. Qxd4 Nf6 5. Nc3 Nc6 6. Qa4 d6 7. e5 Ng4 8. exd6 Qxd6 9. h3 Ne5 10. Nxe5 Qxe5+ 11. Be2 Bg7 12. O-O O-O 13. Bf4 Qd4 14.
Qxd4 Nxd4 15. Bd3 Bf5 16. Bxf5 Nxf5 17. Ne2 Rac8 18. c3 Rfd8 19. Rfd1 Kf8 20. g4 Nh4 21. Bg3 Nf3+ 22. Kg2 Ne5 23. Bxe5 Bxe5 24. f4 Bg7 25. Kf3 e5 26. f5 Ke7 27. Ng3 Rxd1 28. Rxd1 Rc4 29. Ne4 Ra4 30. a3 Ra6 31. Rd3 Rb6 32. b4 Bh6 33. c4 Rc6 34. c5 b6 35. b5 Rc8 36. c6 Bc1 37. Rd7+ Kf8 38. Nd6 Bxa3 39.
Nxc8 1-0

[Event "*** Titled Tuesday 3|2 Blitz"]
[Site "Chess.com"]
[Date "2016.01.05"]
[Round "1"]
[White "THORK"]
[Black "Gabrielian_Artur"]
[Result "0-1"]
[WhiteElo "2163"]
[BlackElo "2463"]
[TimeControl "180+2"]
[EndTime "11:05:41 PST"]
[Termination "Gabrielian_Artur won by checkmate"]

1. e4 c5 2. b4 cxb4 3. a3 b3 4. c4 Nf6 5. Nc3 d6 6. d4 g6 7. f3 Bg7 8. Be3 O-O 9. Qxb3 Nc6 10. Bd3 Nd7 11. Nge2 e5 12. d5 Nd4 13. Qd1 Nc5 14. O-O Bd7 15. Rb1 Rc8 16. Nb5 Bxb5 17. cxb5 Qa5 18.
Nxd4 exd4 19. Bc1 Qc3 20. Bf4 Nxd3 21. Bxd6 Rfd8 22. Be7 Rd7 23. d6 Ne5 24. f4 Qe3+ 25. Kh1 Nd3 26. Qg4 Nc5 27. e5 h5 28. Qh4 Ne6 29. Rbe1 Qxa3 30. f5 gxf5 31. Rxf5 Rc1 32.
Rff1 Rxe1 33. Rxe1 d3 34. Qxh5 d2 35. Rd1 Qe3 36. h4 Qe1+ 37. Kh2 Bxe5+ 38. g3 Qxg3+ 39. Kh1 Qh2# 0-1

[Event "*** Titled Tuesday 3|2 Blitz"]
[Site "Chess.com"]
[Date "2016.01.05"]
[Round "1"]
[White "Fandorine"]
[Black "HansCoolNiemann"]
[Result "1-0"]
[WhiteElo "2522"]
[BlackElo "2197"]
[TimeControl "180+2"]
[EndTime "11:06:15 PST"]
[Termination "Fandorine won by checkmate"]

1. e4 e6 2. d4 d5 3. Nd2 c5 4. Ngf3 cxd4 5. exd5 Qxd5 6. Bc4 Qd6 7. O-O Nf6 8. Nb3 Nc6 9. Nbxd4 Nxd4 10. Nxd4 a6 11.
Re1 Qc7 12. Bf1 Be7 13. g3 b5 14. Bf4 Qd7 15. Bg2 Bb7 16. Nxe6 Bxg2 17. Nc7+ Kf8 18. Qxd7 Nxd7 19. Kxg2 Rc8 20. Rad1 Nf6 21. c3 g5 22. Be5 Kg7 23. Rd7 Bd8 24. Nd5 Re8 25. Rxd8 Rxe5 26. Rxc8 Rxe1 27. Nxf6 Kxf6 28. Rc6+ Kf5 29. Rxa6 Re2 30. b4 Rc2 31. Ra5 Rxc3 32. Rxb5+ Kg6 33.
a4 Ra3 34. a5 h5 35. Rb6+ Kf5 36. a6 h4 37. Rb5+ Kg4 38. h3+ Kh5 39. g4+ Kg6 40. Ra5 Rxa5 41. bxa5 f5 42. a7 fxg4 43. hxg4 h3+ 44.
Kxh3 Kf6 45. a8=Q Ke5 46. a6 Kd4 47. a7 Kc3 48. Qb7 Kd2 49. a8=Q Ke1 50. Qf3 Kd2 51. Qa2+ Ke1 52. Qfe2# 1-0

[Event "*** Titled Tuesday 3|2 Blitz"]
[Site "Chess.com"]
[Date "2016.01.05"]
[Round "1"]
[White "jk13"]
[Black "AndrewMcStone"]
[Result "1-0"]
[WhiteElo "2332"]
[BlackElo "1968"]
[TimeControl "180+2"]
[EndTime "11:06:23 PST"]
[Termination "jk13 won by resignation"]

1. e4 d5 2. exd5 Nf6 3. d4 Bg4 4. Nf3 Qxd5 5. Be2 Nc6 6. c3 O-O-O 7. Qb3 Qxb3 8. axb3 e6 9. Nbd2 Be7 10. Ne5 Bxe2 11.
Nxc6 bxc6 12. Kxe2 Kb7 13. Nc4 c5 14. Be3 Nd5 15.
Ra5 Nxe3 16. fxe3 cxd4 17. exd4 Rd5 18. Ra4 Rg5 19. g3 h5 20. Rha1 Ra8 21. Ne5 f6 22. Nf3 Rg4 23. Kd3 Bd6 24. Re1 Re8 25. Ra5 g5 26. b4 h4 27. gxh4 gxh4 28. Rh5 e5 29.
dxe5 fxe5 30. Nxe5 Bxe5 31. Rexe5 Rxe5 32. Rxe5 Rg2 33. Re2 h3 34. Ke3 Kc6 35. Rxg2 hxg2 36. Kf2 1-0

[Event "*** Titled Tuesday 3|2 Blitz"]
[Site "Chess.com"]
[Date "2016.01.05"]
[Round "1"]
[White "chessdude"]
[Black "DaPazz"]
[Result "1-0"]
[WhiteElo "2290"]
[BlackElo "1871"]
[TimeControl "180+2"]
[EndTime "11:06:47 PST"]
[Termination "chessdude won by resignation"]

1. e4 e5 2. Nf3 Nf6 3. Nc3 Bb4 4. Bc4 O-O 5. O-O d6 6. d3 Bxc3 7. bxc3 h6 8. h3 Be6 9. Bb3 Nbd7 10. Re1 Qe7 11. Be3 a5 12. Qd2 a4 13. Bxe6 Qxe6 14. c4 Nh5 15. Nh4 g5 16. Nf5 Nf4 17. g3 Nxh3+ 18. Kg2 Nf4+ 19. gxf4 gxf4 20. Bxf4 exf4 21. Qxf4 Qg6+ 22. Ng3 Qg5 23. Qxg5+ hxg5 24. Rh1 Kg7 25. Nf5+ Kf6 26. Rh6+ Ke5 27. Kf3 c5 28. Rxd6 g4+ 29.
Ke3 Nf6 30. c3 Nxe4 31. dxe4 1-0

[Event "*** Titled Tuesday 3|2 Blitz"]
[Site "Chess.com"]
[Date "2016.01.05"]
[Round "1"]
[White "TomsKantans"]
[Black "eugeniusjr"]
[Result "1-0"]
[WhiteElo "2338"]
[BlackElo "1977"]
[TimeControl "180+2"]
[EndTime "11:06:50 PST"]
[Termination "TomsKantans won by checkmate"]

1. e4 c5 2. Nf3 g6 3. d4 cxd4 4. Qxd4 Nf6 5. e5 Nc6 6. Qa4 Nd5 7. Qe4 Nc7 8. Nc3 Bg7 9. Bf4 O-O 10. O-O-O b5 11. Qe3 b4 12. Ne4 Ne6 13. Bc4 Nxf4 14. Qxf4 a5 15. Rhe1 Qc7 16. Neg5 e6 17. Bb5 Ba6 18.
Bxc6 dxc6 19. Qh4 h6 20. Ne4 c5 21. Nf6+ Kh8 22. Rd7 Qc8 23. Ng5 c4 24. Rxf7 c3 25. Qxh6+ Bxh6 26. Rh7# 1-0

[Event "*** Titled Tuesday 3|2 Blitz"]
[Site "Chess.com"]
[Date "2016.01.05"]
[Round "1"]
[White "BIG_Pirate"]
[Black "swayamsm"]
[Result "0-1"]
[WhiteElo "2222"]
[BlackElo "2533"]
[TimeControl "180+2"]
[EndTime "11:06:58 PST"]
[Termination "swayamsm won by resignation"]

1. Nf3 Nf6 2. c4 b6 3. g3 Bb7 4. Bg2 g6 5. O-O c5 6. Nc3 Bg7 7.
a3 O-O 8. Rb1 d5 9. cxd5 Nxd5 10. Nxd5 Bxd5 11. Qc2 Nc6 12. b4 cxb4 13. axb4 Rc8 14.
Qa4 a5 15. bxa5 bxa5 16. Bb2 Nb4 17. Bxg7 Kxg7 18. Rfc1 Bxf3 19. Rxc8 Qxc8 20. Bxf3 Qc5 21. d4 Qc7 22. Ra1 Rd8 23. e3 e5 24. dxe5 Qxe5 25. Qxa5 Qf6 26. Rc1 Nd3 27. Rf1 Rc8 28. Be4 Nc5 29. Bg2 h5 30. Rc1 Nb3 0-1

[Event "*** Titled Tuesday 3|2 Blitz"]
[Site "Chess.com"]
[Date "2016.01.05"]
[Round "1"]
[White "ChessSkool"]
[Black "Er_is_geen_hoop_meer"]
[Result "1-0"]
[WhiteElo "2124"]
[BlackElo "2319"]
[TimeControl "180+2"]
[EndTime "11:06:59 PST"]
[Termination "ChessSkool won by resignation"]

1. Nf3 Nf6 2. d4 g6 3. c4 Bg7 4. g3 O-O 5. Bg2 d6 6. O-O Nbd7 7. Nc3 e5 8. e4 h6 9. h3 Nh7 10. Re1 Ng5 11. d5 a5 12. h4 Nxf3+ 13. Qxf3 f5 14. h5 Nf6 15. hxg6 Nxe4 16. Nxe4 fxe4 17. Qh5 Qf6 18.
Re2 Bf5 19. Bxh6 Bxg6 20. Qg5 Qxg5 21. Bxg5 e3 22. Bxe3 e4 23. Rd2 a4 24. Re1 a3 25.
b3 Bc3 26. Rdd1 Bxe1 27. Rxe1 c6 28. Rd1 c5 29. Re1 b5 30. cxb5 Rfb8 31. Bf1 Be8 32. Bf4 Bxb5 33. Bxd6 Rb7 34. Bxc5 Bxf1 35. Kxf1 Re8 36.
b4 Kf7 37. Re3 Kf6 38. Rxa3 Ke5 39. d6 Rh8 40. Ke2 Rh1 41. Re3 Kd5 42. Rc3 Ra1 43.
Rc2 Rh7 44. Rd2+ Kc6 45. Ke3 Re1+ 46. Re2 Rc1 47. Kxe4 Rc3 48. a4 Rh8 49. Kd4 Rf3 50.
Re7 Rh4+ 51. gxh4 Rf4+ 52. Re4 1-0

[Event "*** Titled Tuesday 3|2 Blitz"]
[Site "Chess.com"]
[Date "2016.01.05"]
[Round "1"]
[White "StellarChessPro"]
[Black "GGuseinov"]
[Result "0-1"]
[WhiteElo "2200"]
[BlackElo "2525"]
[TimeControl "180+2"]
[EndTime "11:07:04 PST"]
[Termination "GGuseinov won by resignation"]

1. d4 Nf6 2. Bg5 e6 3. e4 h6 4. Bxf6 Qxf6 5. c3 b6 6. Bd3 Bb7 7. Ne2 d6 8. O-O Nd7 9. f4 Qd8 10. f5 e5 11. Nd2 Be7 12. Nc4 Bf6 13.
dxe5 Nxe5 14. Nxe5 Bxe5 15. Nf4 Bxf4 16. Rxf4 Qe7 17.
Qf3 f6 18. Qh5+ Qf7 19. Qxf7+ Kxf7 20. Kf2 Rhe8 21. Re1 Re5 22. g4 Rae8 23. Re2 a6 24.
a4 b5 25. axb5 axb5 26. h4 Bc6 27. b4 R8e7 28. Kg3 Ke8 29. Kf3 Kd7 30. Ke3 Bb7 31.
Kd2 Ke8 32. g5 hxg5 33. hxg5 fxg5 34. Rg4 Kf7 35. Rxg5 Bxe4 36. Bxe4 Rxe4 37. Reg2 Kf8 38. f6 gxf6 39. Rxb5 Kf7 40. Rb8 Ke6 41. Rf2 Re5 42.
Kd3 f5 43. Rf8 Rf7 44. Re8+ Kd7 45. Rh8 Ke7 46. Rc8 Kf6 47. c4 Rh7 48. Rf3 Rg7 49. b5 Ree7 50. Kd4 Rg4+ 51. Kc3 Ke5 52. b6 cxb6 53.
Rc6 f4 54. Rxb6 Rg3 55. Rxg3 fxg3 56. Rb1 g2 57. Rg1 Rg7 58. Kd3 Kf4 59. Ke2 Kg3 0-1

[Event "*** Titled Tuesday 3|2 Blitz"]
[Site "Chess.com"]
[Date "2016.01.05"]
[Round "1"]
[White "AndroQueen"]
[Black "stefanodinn"]
[Result "1-0"]
[WhiteElo "2452"]
[BlackElo "2156"]
[TimeControl "180+2"]
[EndTime "11:07:10 PST"]
[Termination "AndroQueen won by resignation"]

1. e4 c5 2. Nf3 d6 3. d4 cxd4 4. Nxd4 Nf6 5. Nc3 a6 6. Bg5 Nbd7 7. Bc4 g6 8. Qe2 Bg7 9. O-O-O O-O 10. h4 b5 11. Bb3 Nc5 12. f3 Nxb3+ 13. axb3 h6 14.
Bxf6 Bxf6 15. h5 g5 16. Nd5 Bxd4 17. Rxd4 Be6 18. f4 f6 19. Rhd1 Rb8 20. Qd3 Bg4 21. e5 f5 22. Re1 Bxh5 23. exd6 exd6 24. Ne7+ 1-0

[Event "*** Titled Tuesday 3|2 Blitz"]
[Site "Chess.com"]
[Date "2016.01.05"]
[Round "1"]
[White "DeviatkinAndrey"]
[Black "GMCanty"]
[Result "1-0"]
[WhiteElo "2523"]
[BlackElo "2206"]
[TimeControl "180+2"]
[EndTime "11:07:13 PST"]
[Termination "DeviatkinAndrey won by resignation"]

1. d4 Nf6 2. Nf3 e6 3. Bg5 h6 4.
Bh4 Be7 5. e3 c5 6. c3 b6 7. h3 Bb7 8. Nbd2 O-O 9. Bd3 d6 10.
O-O Nbd7 11. Bg3 cxd4 12. exd4 Re8 13. Re1 Bf8 14. Nc4 Qc7 15. a4 Rad8 16. Ncd2 e5 17. Qc2 Nd5 18. a5 Nf4 19. Bxf4 exf4 20. axb6 Nxb6 21. Bh7+ Kh8 22. Be4 Bxe4 23. Rxe4 d5 24. Ree1 g5 25. Qf5 Bg7 26. h4 gxh4 27. Nxh4 Rg8 28. Ndf3 Rdf8 29. Re2 Qd7 30. Qh5 Re8 31. Rae1 Re6 32. Nf5 Bf8 33. Ne5 1-0

[Event "*** Titled Tuesday 3|2 Blitz"]
[Site "Chess.com"]
[Date "2016.01.05"]
[Round "1"]
[White "CM_Perligero"]
[Black "volodja49"]
[Result "0-1"]
[WhiteElo "1961"]
[BlackElo "2303"]
[TimeControl "180+2"]
[EndTime "11:07:19 PST"]
[Termination "volodja49 won on time"]

1. e4 e6 2. d4 d5 3. e5 c5 4. c3 Qb6 5. a3 c4 6. Nd2 Bd7 7. b4 cxb3 8. Qxb3 Qxb3 9. Nxb3 Nc6 10. Nf3 Rc8 11. Bd2 f6 12. exf6 gxf6 13. Bd3 Bd6 14. O-O Nge7 15. Rfe1 O-O 16. Bh6 Rfe8 17. Nc1 Na5 18. Ne2 Ng6 19. Bd2 Nb3 20. Ra2 Nxd2 21. Nxd2 Nf4 22. Nxf4 Bxf4 23. Rc1 b5 24. g3 Bh6 25. f4 Rc7 26. Nf3 Rec8 27. Rac2 Bf8 28. Kf2 Bxa3 29. Ra1 Rxc3 30. Rxc3 Rxc3 31. Ke3 b4 32.
Ne1 a5 33. Kd2 a4 34. Nc2 Bb2 35. Rb1 Rb3 0-1

[Event "*** Titled Tuesday 3|2 Blitz"]
[Site "Chess.com"]
[Date "2016.01.05"]
[Round "1"]
[White "Quiet_Desperation"]
[Black "LePlusMortel"]
[Result "0-1"]
[WhiteElo "2140"]
[BlackElo "2450"]
[TimeControl "180+2"]
[EndTime "11:07:24 PST"]
[Termination "LePlusMortel won by resignation"]

1. e4 c5 2. Nf3 Nc6 3. d4 cxd4 4. Nxd4 g6 5. c4 Bg7 6. Nc2 Nf6 7. Nc3 O-O 8. Be2 d6 9. O-O Bd7 10. Be3 Qa5 11. Rb1 Rfc8 12. b4 Qd8 13. f3 Ne5 14. Na3 a5 15. b5 Be6 16. Nd5 Bxd5 17. cxd5 b6 18. Qd2 Ned7 19. Nc4 Nc5 20. Rfc1 Nfd7 21.
Bd4 Bxd4+ 22. Qxd4 Qf8 23. Ne3 Qg7 24. Qd2 Qh6 25.
Qd4 Qg5 26. g3 h5 27. f4 Qf6 28. Qxf6 exf6 29. Nc4 Nb7 30. Bf3 Rc5 31. Ne3 Rac8 32. Rxc5 Rxc5 33. a4 Rc3 34. Kf2 Nbc5 35. g4 hxg4 36.
Nxg4 Kg7 37. e5 fxe5 38. fxe5 Nd3+ 39. Kg2 N3xe5 40. Nxe5 Nxe5 41. Be4 Rc4 42. Bf3 Rxa4 43. Rc1 Rc4 44. Re1 0-1

[Event "*** Titled Tuesday 3|2 Blitz"]
[Site "Chess.com"]
[Date "2016.01.05"]
[Round "1"]
[White "iturrizaga"]
[Black "alturas_pacificas"]
[Result "1-0"]
[WhiteElo "2383"]
[BlackElo "2092"]
[TimeControl "180+2"]
[EndTime "11:07:31 PST"]
[Termination "iturrizaga won by resignation"]

1. Nf3 d5 2. c4 c6 3. e3 Nf6 4. Nc3 e6 5. Qc2 Nbd7 6. b3 Bd6 7. Bb2 O-O 8. Rg1 e5 9. cxd5 cxd5 10. Nb5 Bb8 11. Rc1 a6 12. Nc7 Bxc7 13. Qxc7 Qxc7 14. Rxc7 Ne8 15. Rc1 f6 16. g3 Nb6 17. g4 Be6 18. g5 Kh8 19. gxf6 gxf6 20. Be2 Rc8 21. Rxc8 Nxc8 22.
d3 Ne7 23. Kd2 Nc6 24. Nh4 Rg8 25. Rg3 Rxg3 26. hxg3 Ng7 27. f4 Kg8 28. Bf3 Kf7 29. g4 d4 30. exd4 Nxd4 31. Bxd4 exd4 32. Bxb7 Bxg4 33.
Bxa6 Nf5 34. Bc4+ Kg7 35. Be6 Nxh4 36. Bxg4 f5 37. Bh3 Kf6 38. a4 Ng6 39. a5 Nxf4 40. a6 Nd5 41. Bg2 Nb6 42. a7 h5 43. a8=Q Nxa8 44. Bxa8 Kg5 45. b4 Kg4 46. b5 f4 47.
Ke2 h4 48. b6 h3 49. Bf3+ Kg3 50. b7 h2 51. b8=Q 1-0

[Event "*** Titled Tuesday 3|2 Blitz"]
[Site "Chess.com"]
[Date "2016.01.05"]
[Round "1"]
[White "AvitalBor"]
[Black "ftorodent"]
[Result "0-1"]
[WhiteElo "2329"]
[BlackElo "2288"]
[TimeControl "180+2"]
[EndTime "11:07:32 PST"]
[Termination "ftorodent won by resignation"]

1. f3 d5 2. d4 Nf6 3. e3 Bf5 4. Bd3 e6 5. Ne2 Bd6 6. c4 Bxd3 7. Qxd3 O-O 8. Nbc3 c5 9. cxd5 exd5 10. Bd2 Nc6 11. a3 Re8 12. Nb5 c4 13. Qc2 Bf8 14. g4 a6 15. Nbc3 b5 16. g5 Nh5 17. Qf5 Ne7 18.
Qg4 g6 19. Ng3 Ng7 20. h4 Nef5 21. Nxf5 Nxf5 22. Kf2 Ra7 23. h5 Rae7 24. Rae1 Bg7 25.
hxg6 fxg6 26. Rh3 Qd6 27. Nd1 Rf7 28. f4 Qe6 29. Bc3 Nd6 30. Kg2 Qxg4+ 31. Rg3 Qf5 32.
Rh1 Ne4 33. Rgh3 Qg4+ 0-1

[Event "*** Titled Tuesday 3|2 Blitz"]
[Site "Chess.com"]
[Date "2016.01.05"]
[Round "1"]
[White "Imre91"]
[Black "cool64chess"]
[Result "1-0"]
[WhiteElo "2545"]
[BlackElo "2229"]
[TimeControl "180+2"]
[EndTime "11:07:36 PST"]
[Termination "Imre91 won by resignation"]

1. d4 d5 2. Nf3 Nf6 3. c4 e6 4. Nc3 Be7 5. Bf4 O-O 6. e3 Nbd7 7. Rc1 c6 8. a3 dxc4 9. Bxc4 Nd5 10. Bg3 N7f6 11.
O-O Bd6 12. Qc2 Bxg3 13. hxg3 Nxc3 14. Qxc3 b6 15. Ne5 Bb7 16. Be2 c5 17. dxc5 Ne4 18.
Qd4 Nxc5 19. Rfd1 Qxd4 20. exd4 Nb3 21. Rc7 Bd5 22. Bf3 Bxf3 23. gxf3 f6 24. Nc6 Rf7 25.
Rxf7 Kxf7 26. Rd3 Nc1 27. Rd1 Nb3 28. d5 exd5 29. Rxd5 Rc8 30. Nxa7 Rc2 31. Rb5 Nd4 32. Rxb6 Nxf3+ 33. Kf1 Nh2+ 34. Kg1 Ng4 35. f4 Ne3 36.
Rb3 Nc4 37. a4 Nxb2 38. a5 Nc4 39. Nc6 Ra2 40. Rb7+ Kg6 41. Ra7 h6 42. a6 Nd2 43.
Kf2 Ne4+ 44. Kf3 Nc5 45. Nb8 Rb2 46. Ra8 Ra2 47. a7 h5 48. Nc6 Ra3+ 49. Kg2 Ne4 50. Re8 1-0

[Event "*** Titled Tuesday 3|2 Blitz"]
[Site "Chess.com"]
[Date "2016.01.05"]
[Round "1"]
[White "SmarterChess"]
[Black "Vorenus_Lucius"]
[Result "0-1"]
[WhiteElo "2103"]
[BlackElo "2442"]
[TimeControl "180+2"]
[EndTime "11:07:41 PST"]
[Termination "Vorenus_Lucius won by resignation"]

1. d4 Nf6 2. Nf3 e6 3. b3 c5 4. Bb2 cxd4 5. Nxd4 e5 6. Nf3 d6 7.
g3 Nc6 8. Bg2 Be7 9. O-O O-O 10.
c4 h6 11. Nc3 Be6 12. Ne1 Qd7 13. Nc2 a6 14. Ne3 b5 15. cxb5 axb5 16. Nxb5 d5 17. a4 Rfd8 18. Rc1 Rac8 19. Rxc6 Rxc6 20. Bxe5 Bh3 21. Qd4 Bxg2 22. Kxg2 Bc5 23. Qd3 Bxe3 24. Qxe3 Ng4 25. Qd4 Nxe5 26. Qxe5 Re6 27. Qb2 d4 28. Rd1 Qb7+ 29. Kg1 d3 30. e3 Qf3 31. Qd2 h5 32.
Nd4 Rxd4 33. exd4 h4 34. h3 hxg3 35. fxg3 Re2 0-1

[Event "*** Titled Tuesday 3|2 Blitz"]
[Site "Chess.com"]
[Date "2016.01.05"]
[Round "1"]
[White "AsafGivon"]
[Black "LyonBeast"]
[Result "1/2-1/2"]
[WhiteElo "2271"]
[BlackElo "2779"]
[TimeControl "180+2"]
[EndTime "11:07:48 PST"]
[Termination "Game drawn by repetition"]

1. e4 c5 2. Nf3 d6 3. Bb5+ Nd7 4.
c3 Nf6 5. Qe2 a6 6. Ba4 e6 7.
O-O Be7 8. d4 b5 9. Bc2 Bb7 10. a4 O-O 11. Re1 cxd4 12. cxd4 Rc8 13. axb5 axb5 14. Bd3 b4 15. Nbd2 e5 16. b3 exd4 17.
Nxd4 Nc5 18. Bb2 Re8 19. Bb5 Rf8 20. Nf5 g6 21. Nh6+ Kg7 22. Ng4 h5 23. Nxf6 Bxf6 24. Nc4 Bxb2 25. Qxb2+ Kh7 26. Rad1 Nxe4 27. Nxd6 Nxd6 28.
Qe5 Qa5 29. Rxd6 Rfe8 30. Qxe8 Rxe8 31. Bxe8 Qg5 32. g3 Bd5 33. Rd7 Kg7 34. Bxf7 Bxf7 35. Ree7 Qc1+ 36. Kg2 Qc6+ 37. Kg1 Qc1+ 38. Kg2 Qc6+ 39.
Kg1 Qc1+ 40. Kg2 1/2-1/2

[Event "*** Titled Tuesday 3|2 Blitz"]
[Site "Chess.com"]
[Date "2016.01.05"]
[Round "1"]
[White "jup1978"]
[Black "AlexanderL"]
[Result "0-1"]
[WhiteElo "2226"]
[BlackElo "2540"]
[TimeControl "180+2"]
[EndTime "11:07:49 PST"]
[Termination "AlexanderL won by resignation"]

1. e4 e6 2. d4 d5 3. Nd2 c5 4.
exd5 Qxd5 5. Ngf3 cxd4 6. Bc4 Qd6 7. Nb3 Qb4+ 8. Nbd2 Nc6 9. O-O Nf6 10. a3 Qc5 11. Qe2 Be7 12. Nb3 Qd6 13. Rd1 e5 14. c3 Bg4 15. cxd4 e4 16. d5 Nd8 17. Bb5+ Kf8 18.
Nbd4 exf3 19. gxf3 Bd7 20. Bc4 Nh5 21. Qe4 Qg6+ 22.
Kf1 Bh3+ 23. Ke2 Nf6 24. Qe5 Ne8 25. Nb5 Nd6 26. Be3 Nxc4 27. Qd4 Qc2+ 28. Bd2 Nd6 29. Nxd6 Bxd6 30. Rac1 Qb3 31. Bb4 Bxb4 32. axb4 Bd7 33. Rc7 Bb5+ 34. Ke1 Kg8 35. Rd3 Qxd3 36. Qxd3 Bxd3 37.
Kd2 Bb5 38. Ke3 h6 39. Kd4 Kh7 40. f4 Ne6+ 41. dxe6 fxe6 42. Ke5 Rhf8 43. Rxb7 Rf5+ 44. Kxe6 Raf8 0-1

[Event "*** Titled Tuesday 3|2 Blitz"]
[Site "Chess.com"]
[Date "2016.01.05"]
[Round "1"]
[White "chess960now"]
[Black "LittlePeasant"]
[Result "0-1"]
[WhiteElo "1971"]
[BlackElo "2338"]
[TimeControl "180+2"]
[EndTime "11:07:49 PST"]
[Termination "LittlePeasant won by resignation"]

1. d4 Nf6 2. c4 c5 3. d5 b5 4. cxb5 a6 5. bxa6 Bxa6 6. Nc3 g6 7. g3 d6 8. Bg2 Bg7 9. Nf3 Nbd7 10. O-O Nb6 11. Rb1 Bc4 12. b3 Bxd5 13. Nxd5 Nbxd5 14.
Qd2 Qa5 15. a4 O-O 16. e4 Qxd2 17. Nxd2 Nc3 18. Rb2 Ne2+ 19. Kh1 Nxc1 20. Rxc1 Ng4 21. Rbb1 Nxf2+ 22. Kg1 Nd3 23. Rc2 Bd4+ 24. Kf1 Rfb8 25. Ke2 Ne5 26. Nf3 Rxa4 27. Nxe5 Bxe5 28. bxa4 Rxb1 29. Ra2 c4 30. a5 c3 31. Kd3 Rb2 32. Rxb2 cxb2 33. Kc2 Bd4 34. a6 Kg7 35. a7 Bxa7 36.
Kxb2 Bg1 37. h3 Bf2 38. g4 Kf6 39. Kc3 Ke5 40. Kd3 Kf4 41. Ke2 Bb6 42. Bf1 Kg3 0-1

[Event "*** Titled Tuesday 3|2 Blitz"]
[Site "Chess.com"]
[Date "2016.01.05"]
[Round "1"]
[White "stepanosinovsky"]
[Black "BahadirOzen"]
[Result "0-1"]
[WhiteElo "2188"]
[BlackElo "2475"]
[TimeControl "180+2"]
[EndTime "11:07:53 PST"]
[Termination "BahadirOzen won by checkmate"]

1. e4 d6 2. d4 Nf6 3. Nc3 Nbd7 4. Be3 e5 5. Nge2 c6 6. f3 Be7 7. Qd2 b5 8. a3 O-O 9. g4 Bb7 10. g5 Nh5 11. h4 a5 12. Bh3 b4 13. Nd1 d5 14. exd5 cxd5 15. Bg4 Nf4 16. Nxf4 exf4 17. Bxf4 bxa3 18. bxa3 Nb6 19. Ne3 Bd6 20. Bxd6 Qxd6 21. Kf2 Rfe8 22. Nf5 Qc7 23. Rae1 Nc4 24. Qc3 Qf4 25.
Rxe8+ Rxe8 26. Re1 Qh2+ 27. Kf1 Nd2+ 28. Qxd2 Ba6+ 29.
Re2 Rxe2 30. Ne3 Qf2# 0-1

[Event "*** Titled Tuesday 3|2 Blitz"]
[Site "Chess.com"]
[Date "2016.01.05"]
[Round "1"]
[White "the_drake"]
[Black "oskariot"]
[Result "0-1"]
[WhiteElo "1995"]
[BlackElo "2336"]
[TimeControl "180+2"]
[EndTime "11:08:02 PST"]
[Termination "oskariot won by resignation"]

1. e4 c5 2. Nf3 d6 3. d4 cxd4 4.
Nxd4 Nf6 5. Nc3 Nc6 6. Be3 Ng4 7. Bg5 h6 8. Bh4 g5 9. Bg3 Bg7 10. Nxc6 bxc6 11. Be2 Ne5 12. O-O Be6 13. Kh1 h5 14. f4 h4 15. Be1 gxf4 16. Rxf4 h3 17. g3 Qc7 18. Nb1 Ng6 19. Rf1 Bxb2 20. Bc3 Bxc3 21. Nxc3 Qa5 22. Qe1 Ne5 23. Rb1 Qc7 24. Bd3 Rb8 25.
Rxb8+ Qxb8 26. Ne2 Qb6 27. a4 Bg4 28. Nf4 Bf3+ 29.
Rxf3 Nxf3 30. Qf1 Ne5 31. Nxh3 Qe3 32. Kg2 Qh6 33. Qf5 e6 34. Qg5 Qxh3+ 35. Kf2 Qxh2+ 36.
Ke3 Qg1+ 37. Kd2 Nf3+ 0-1

[Event "*** Titled Tuesday 3|2 Blitz"]
[Site "Chess.com"]
[Date "2016.01.05"]
[Round "1"]
[White "FairChess_on_YouTube"]
[Black "motivated_bishop"]
[Result "1-0"]
[WhiteElo "2715"]
[BlackElo "2266"]
[TimeControl "180+2"]
[EndTime "11:08:11 PST"]
[Termination "FairChess_on_YouTube won by checkmate"]

1. e4 e5 2. Nf3 Nc6 3. Bb5 a6 4.
Ba4 Nf6 5. O-O Be7 6. Bxc6 dxc6 7. d3 Nd7 8. Nbd2 O-O 9. Nc4 f6 10. Nh4 Nc5 11. b3 Be6 12. Nf5 Bxf5 13. exf5 Qd7 14.
Qf3 Rad8 15. Be3 Qd5 16. Qg4 Nd7 17. Nd2 Bc5 18. Bh6 Rf7 19. Ne4 Bd4 20. Rae1 Kh8 21. Bd2 Bb6 22. Kh1 Nc5 23. f4 Nxe4 24. Rxe4 exf4 25.
Bxf4 Qc5 26. Qe2 h6 27. g4 Qd5 28. Qg2 Kh7 29. Rfe1 Rdd7 30. Re6 Qxg2+ 31. Kxg2 h5 32. h3 hxg4 33. hxg4 g6 34. Rh1+ Kg7 35. Bh6+ Kh7 36.
Re8 gxf5 37. gxf5 Bd4 38. Bf8+ Kg8 39. Be7+ Kg7 40. Reh8 Rdxe7 41. R1h7# 1-0